 Dungeon Crawl Stone Soup version 0.23.0-3-gf3c87f2 (webtiles) character file.

Game seed: 15789050847129153971

456 Gorice the Chopper (level 6, -3/47 HPs)
             Began as a Demonspawn Monk on Feb 19, 2019.
             Killed from afar by a white imp (4 damage)
             ... with a puff of frost
             ... summoned by Eustachio
             ... on level 3 of the Dungeon on Feb 20, 2019.
             The game lasted 00:15:30 (4238 turns).

Gorice the Chopper (Demonspawn Monk)                Turns: 4238, Time: 00:15:30

Health: -3/47      AC: 12    Str: 14    XL:     6   Next: 77%
Magic:  6/6        EV:  4    Int: 16    God:
Gold:   204        SH:  0    Dex: 18    Spells: 5/5 levels left

rFire    . . .     SeeInvis .   a - +0 hand axe
rCold    . . .     Gourm    .   (no shield)
rNeg     . . .     Faith    .   u - +0 plate armour
rPois    .         Spirit   .   (helmet restricted)
rElec    .         Reflect  .   (no cloak)
rCorr    .         Harm     .   (no gloves)
MR       .....                  (no boots)
Stlth    ..........             (no amulet)
HPRegen  0.15/turn              o - +5 ring of intelligence
MPRegen  0.10/turn              v - +3 ring of dexterity

@: very slightly contaminated, hasted, very quick
A: antennae 2, molten scales 1, powered by death 1
a: no special abilities


You were on level 3 of the Dungeon.
You were not hungry.

You visited 1 branch of the dungeon, and saw 4 of its levels.
You also visited: Sewer.

You collected 204 gold pieces.

Inventory:

Hand Weapons
 a - a +0 hand axe (weapon)
 s - a +0 flail
Missiles
 j - 3 javelins (quivered)
 n - 43 sling bullets
 Y - 148 stones
Armour
 b - a +1 robe
 t - a +0 ring mail
 u - a +0 plate armour (worn)
Jewellery
 o - a +5 ring of intelligence (left hand)
 q - a +3 ring of intelligence
 v - a +3 ring of dexterity (right hand)
Scrolls
 d - 2 scrolls of remove curse
 e - 4 scrolls of teleportation {!r}
 k - 4 scrolls of fog
Potions
 f - a potion of magic {unknown}
 l - 2 potions of might {!q}
 m - a potion of degeneration {unknown}
 p - 2 potions of heal wounds {unknown}
 r - 2 potions of haste {!q}
Comestibles
 c - 8 rations
 g - 10 chunks of flesh


   Skills:
 - Level 3.0 Fighting
 * Level 7.0 Axes
 + Level 0.7 Armour
 - Level 2.6 Dodging
 - Level 1.7 Stealth


You had 5 spell levels left.
You didn't know any spells.
Your spell library was empty.

Dungeon Overview and Level Annotations

Branches:
Dungeon (4/15)
 Temple: D:4-7

Altars:
Trog
Vehumet

Annotations:
D:3 1 runed translucent door, Eustachio; Kairos's ghost, weakling VSMo


Innate Abilities, Weirdness & Mutations

You have a pair of antennae on your head.
You are partially covered in molten scales. (AC +2)
You regenerate a little health from kills.


Message History

The white imp gestures at you. The puff of frost hits you.
* * * LOW HITPOINT WARNING * * *
Damage: 7 (max 7) Eustachio casts a spell.
Eustachio blinks!
You feel better.
Really quaff
r - 3 potions of haste {!q}?
You feel yourself speed up.
Eustachio screams, "At last I'll have my revenge!"
Eustachio gestures wildly while chanting.
The white imp closely misses you.
The white imp hits you but does no damage.
Eustachio hits you but does no damage. The iron imp hits you!
* * * LOW HITPOINT WARNING * * *
Damage: 7 (max 7) Unknown command.
You hit Eustachio.
Eustachio is moderately wounded.
You closely miss the iron imp.
Your plate armour prevents you from hitting the iron imp.
You hit the white imp but do no damage. The iron imp hits you.
* * * LOW HITPOINT WARNING * * *
Damage: 2 (max 7)
Your plate armour prevents you from hitting Eustachio.
Eustachio is moderately wounded.
You barely miss the white imp.
You hit the iron imp but do no damage. x2
The iron imp disappears in a puff of smoke!
Eustachio hits you but does no damage. The iron imp hits you.
* * * LOW HITPOINT WARNING * * *
The white imp hits you but does no damage.
Damage: 6 (max 7)
Your plate armour prevents you from hitting Eustachio.
Eustachio is moderately wounded.
You hit the white imp. You hit the iron imp.
Your plate armour prevents you from hitting the white imp.
The white imp hits you but does no damage.
Unknown command.
You feel better. Eustachio completely misses you.
The white imp barely misses you. The iron imp hits you!
* * * LOW HITPOINT WARNING * * *
Damage: 3 (max 7) Unknown command.
Blink to where?
Press: ? - help, Dir - move target cursor You are very lightly contaminated with residual magic.
As you read the scroll of blinking, it crumbles to dust.
The white imp gestures at you. The puff of frost hits you.
You die...

#..#..........#.##.# #...
##>#.............#.#######
#.#......................
###.55@........##..........
#...5ยง....#....####.#######
###...#...#...## #.# ##.
#...........# #.# #..
###.#.#.....# #.# ##..
#....#.@...# #.####..#
#....#.#...# #.#.....#
#...##.#########.#.###.#
######..................
#######.......#.###
#.........# #........##
#.......## #.......#


You could see Eustachio, an iron imp and a white imp.

Vanquished Creatures
  2 bullfrogs (Sewer)
  A quasit (D:3)
  A worker ant (D:4)
  13 adders
  5 river rats (Sewer)
  An ooze (Sewer)
  A worm (D:3)
  2 dart slugs
  4 leopard geckos
  4 orcs (D:3)
  15 ball pythons
  4 bats
  2 giant cockroaches
  9 goblins
  5 hobgoblins
  9 kobolds
  2 quokkas (D:2)
  6 frilled lizards
  31 rats
117 creatures vanquished.

Notes
Turn   | Place    | Note
-------+----------+-------------------------------------------
     0 | D:1      | Gorice the Demonspawn Monk began the quest for the Orb.
     0 | D:1      | Reached XP level 1. HP: 18/18 MP: 1/1
    56 | D:1      | Reached skill level 3 in Axes
   218 | D:1      | Gained mutation: You regenerate a little health from kills.
                  | [demonic ancestry]
   218 | D:1      | Reached XP level 2. HP: 20/24 MP: 2/2
   236 | D:1      | You fall through a shaft!
  1031 | D:2      | Gained mutation: You are partially covered in molten
                  | scales. (AC +2) [demonic ancestry]
  1031 | D:2      | Reached XP level 3. HP: 16/29 MP: 3/3
  1408 | D:2      | Found a bloodstained altar of Trog.
  1448 | D:2      | Reached skill level 4 in Axes
  2056 | D:3      | Gained mutation: You have a pair of small antennae on your
                  | head. [demonic ancestry]
  2056 | D:3      | Reached XP level 4. HP: 31/35 MP: 4/4
  2074 | D:3      | Found a glowing drain.
  2094 | Sewer    | Entered a sewer
  2433 | Sewer    | Reached skill level 5 in Axes
  2538 | Sewer    | Reached XP level 5. HP: 41/41 MP: 5/5
  2643 | Sewer    | HP: 12/41 [poisoned by an adder]
  2648 | Sewer    | HP: 11/41 [poisoned by an adder]
  2656 | Sewer    | HP: 10/41 [poisoned by an adder]
  2975 | Sewer    | Reached skill level 6 in Axes
  2978 | Sewer    | HP: 12/41 [adder (2)]
  2981 | Sewer    | Gained mutation: You have a pair of antennae on your head.
                  | [demonic ancestry]
  2981 | Sewer    | Reached XP level 6. HP: 13/47 MP: 6/6
  2983 | Sewer    | HP: 12/47 [poisoned by an adder]
  2988 | Sewer    | HP: 12/47 [poisoned by an adder]
  2994 | Sewer    | HP: 12/47 [poisoned by an adder]
  3017 | Sewer    | HP: 13/47 [bullfrog (6)]
  3702 | D:3      | Found a runed translucent door.
  3870 | D:3      | Found a radiant altar of Vehumet.
  3902 | D:3      | Noticed Kairos's ghost (weakling VSMo)
  4102 | D:3      | Upgraded the game from 0.23.0-2-g0fe3ce5 to
                  | 0.23.0-3-gf3c87f2
  4137 | D:4      | Reached skill level 7 in Axes
  4207 | D:4      | Noticed Eustachio
  4227 | D:3      | HP: 9/47 [white imp/puff of frost[Eustachio] (6)]
  4233 | D:3      | HP: 11/47 [iron imp[Eustachio] (7)]
  4235 | D:3      | HP: 3/47 [iron imp[Eustachio] (6)]
  4237 | D:3      | HP: 1/47 [iron imp[Eustachio] (8)]
  4238 | D:3      | Killed from afar by a white imp

Skill      XL: |  1  2  3  4  5  6 |
---------------+-------------------+-----
Axes           | 3 4 5 6 7 |  7.0
Fighting       | |  3.0
Armour         | |  0.7
Dodging        | |  2.6
Stealth        | |  1.7

Action                   |  1- 3 |  4- 6 || total
-------------------------+-------+-------++-------
Melee: Hand axe          |   134 |   289 ||   423
Throw: Stone             |     4 |    15 ||    19
  Use: Scroll            |     5 |     5 ||    10
       Potion            |       |     7 ||     7
 Stab: Sleeping          |     5 |     2 ||     7
  Eat: Chunk             |     4 |     7 ||    11
Armor: Robe              |    33 |    79 ||   112
       Ring mail         |       |    29 ||    29
       Plate armour      |       |    16 ||    16
Dodge: Dodged            |    90 |   260 ||   350

Table legend:
 A = Turns spent in this place as a percentage of turns spent in the entire game.
 B = Non-inter-level travel turns spent in this place as a percentage of non-inter-level travel turns spent in the entire game.
 C = Inter-level travel turns spent in this place as a percentage of turns spent in this place.
 D = Turns resting spent in this place as a percentage of non-inter-level travel turns spent in this place.
 E = Turns spent auto-exploring this place as a percentage of non-inter-level travel turns spent in this place.
 F = Non-inter-level travel turns spent in this place divided by the number of levels of this place that you've seen.
                   A       B       C       D       E      F
               +-------+-------+-------+-------+-------+----------------------
         Total | 100.0 | 100.0 |   3.8 |  31.1 |  30.9 | 815.4
       Dungeon |  72.5 |  71.4 |   5.2 |  22.3 |  42.9 | 727.5
         Sewer |  27.5 |  28.6 |   0.0 |  53.2 |   0.9 | 1167.0
               +-------+-------+-------+-------+-------+----------------------

Levels and vault maps discovered:
D:1:      dpeg_arrival_rooms_b, layout_loops_ring, minmay_statues_item
D:2:      layout_loops_ring, nicolae_overflow_crystal_walls, first_ration
D:3:      layout_rooms, vehumet_crystals, ebering_ghost_sewer_d,
          cheibrodos_sewer_entry_sluice
D:4:      layout_rooms, minmay_ogre_servants, uniq_eustachio, uniq_natasha
Sewer:    sewer_minmay_w
